 Dungeon Crawl Stone Soup version 0.30-a0-722-g3e6e8c874d (webtiles) character file.

Game seed: 18404873709966863771

156 Dittersdorf the Covered (level 5, -1/33 HPs)
             Began as a Gargoyle Fighter on Jan 27, 2023.
             Slain by an orc wizard
             ... wielding a +0 dagger
              (2 damage)
             ... on level 3 of the Dungeon.
             The game lasted 00:02:33 (2003 turns).

Dittersdorf the Covered (Gargoyle Fighter)          Turns: 2003, Time: 00:02:34

Health: -1/33      AC: 12    Str: 21    XL:     5   Next: 37%
Magic:  5/5        EV:  9    Int:  9    God:
Gold:   143        SH:  4    Dex:  9    Spells: 4/4 levels left

rFire   . . .      SeeInvis .    a - +0 flail
rCold   . . .      Faith    .    c - +0 buckler
rNeg    + . .      Spirit   .    b - +0 scale mail
rPois   ∞          Reflect  .    j - +0 helmet
rElec   +          Harm     .    (no cloak)
rCorr   .          Rampage  .    (no gloves)
Will    .....                    (no boots) Stlth
                                 (no amulet)
HPRegen 0.25/turn                (no ring)
MPRegen 0.09/turn                (no ring)

@: no status effects
A: sickness immunity, AC +4, negative energy resistance 1, electricity
resistance, torment resistance 1, petrification resistance
a: no special abilities


You were on level 3 of the Dungeon.
You visited 1 branch of the dungeon, and saw 3 of its levels.

You collected 143 gold pieces.

Inventory:

Hand Weapons
 a - a +0 flail (weapon)
Missiles
 q - a throwing net (quivered)
Armour
 b - a +0 scale mail (worn)
 c - a +0 buckler (worn)
 g - a +0 plate armour
 j - a +0 helmet (worn)
Wands
 u - a wand of light (4)
Scrolls
 e - 4 scrolls of teleportation {unknown}
 f - a scroll of amnesia {unknown}
 i - 3 scrolls of noise {unknown}
 k - 4 scrolls of poison {unknown}
 l - a scroll of fear {unknown}
 o - a scroll of magic mapping {unknown}
 p - a scroll of torment {unknown}
 r - 2 scrolls of fog {unknown}
 t - a scroll of identify {unknown}
Potions
 d - a potion of might
 h - a potion of invisibility {unknown}
 m - a potion of curing {unknown}
 n - a potion of magic {unknown}
 s - a potion of degeneration {unknown}


   Skills:
 + Level 4.3 Fighting
 + Level 3.1 Maces & Flails
 + Level 4.3 Armour
 + Level 4.2 Shields


You had 4 spell levels left.
You didn't know any spells.
Your spell library contained the following spells:

 Spells                   Type           Power      Damage    Failure   Level
 Vhi's Electric Charge    Tloc/Air       0%         N/A       99%         3
 Animate Dead             Necr           0%         N/A       100%        4
 Arcjolt                  Conj/Air       0%         1d10      100%        5
 Borgnjor's Vile Clutch   Necr/Erth      0%         N/A       100%        5
 Death Channel            Necr           0%         N/A       100%        6
 Maxwell's Capacitive Co  Air            0%         ∞         100%        8


Dungeon Overview and Level Annotations

Branches:
Dungeon (3/15)

Altars:

Annotations:
D:3 Grinder


Innate Abilities, Weirdness & Mutations

You are immune to sickness and miasma.
Your stone body is resilient. (AC +4)
You are immune to poison.
You resist negative energy. (rN+)
You are resistant to electric shocks. (rElec)
You are resistant to unholy torment.
You are immune to petrification.


Message History

You hear some strange, mumbled words.
You are confused.
You bump into the rock wall.
You bump into the rock wall.
The orc hits you but does no damage.
You completely miss something. Something hits you but does no damage.
The orc barely misses you.
You hear some strange, mumbled words.
You are more confused.
The orc hits you but does no damage.
You closely miss something.
The orc hits you from afar with a +0 trident.
Something hits you but does no damage.
You bump into the rock wall.
The orc barely misses you. Something hits you but does no damage.
You bump into the rock wall.
The orc hits you but does no damage. Something hits you but does no damage.
Something hits you but does no damage. The orc closely misses you.
You bump into the rock wall.
The orc hits you from afar with a +0 trident.
* * * LOW HITPOINT WARNING * * *
Something hits you.
* * * LOW HITPOINT WARNING * * *
You barely miss something. The orc barely misses you. Something hits you.
* * * LOW HITPOINT WARNING * * *
You miss something.
You hear some strange, mumbled words.
A puff of flame appears from out of thin air!
The puff of flame hits you but does no damage.
The orc barely misses you. The orc hits you but does no damage.
You hear some strange, mumbled words.
A magic dart appears from out of thin air!
The magic dart hits you but does no damage.
You miss something.
You feel less confused. The orc barely misses you.
You block something's attack.
You barely miss something.
The orc hits you from afar with a +0 trident.
* * * LOW HITPOINT WARNING * * *
Something hits you.
You die...

### ###
#####.###.##################
................@{..........
#####.#.#.#######.##.#######
#.#.#.# #o##.# #.#.#.#
#o##.# #.#...# .5.#.#
#####.#...# ....#.#
..........# .....#.#
#####.##..# ......#.# .....
..# #......#.#


You could see Grinder and 2 orcs.

Vanquished Creatures
  Natasha (thrice) (D:2)
  3 adders (D:2)
  5 orcs (D:3)
  3 ball pythons
  7 endoplasms
  2 giant cockroaches
  2 goblins
  3 hobgoblins
  3 quokkas
  8 bats
  3 frilled lizards
  2 kobolds (D:2)
  A rat (D:1)
45 creatures vanquished.

Notes
Turn   | Place    | Note
-------+----------+-------------------------------------------
     0 | D:1      | Dittersdorf the Gargoyle Fighter began the quest for the
                  | Orb.
     0 | D:1      | Reached XP level 1. HP: 14/14 MP: 1/1
   255 | D:1      | Reached XP level 2. HP: 19/19 MP: 2/2
   734 | D:1      | Reached XP level 3. HP: 21/23 MP: 3/3
   943 | D:2      | Noticed Natasha
   953 | D:2      | Killed Natasha
  1037 | D:2      | Reached XP level 4. HP: 26/29 MP: 4/4
  1103 | D:2      | Noticed Natasha
  1114 | D:2      | Killed Natasha
  1185 | D:2      | Found a faded altar of an unknown god.
  1659 | D:2      | Noticed Natasha
  1676 | D:2      | Reached XP level 5. HP: 33/33 MP: 5/5
  1687 | D:2      | Killed Natasha
  1977 | D:3      | Noticed Grinder
  2003 | D:3      | HP: 1/33 [orc/+0 trident (4)]
  2003 | D:3      | Slain by an orc wizard

Illustrated notes

Levels and vault maps discovered:
D:1:      mainiacjoe_arrival_reflecting_pool, layout_loops_corners,
          minmay_tetromino_o4
D:2:      layout_loops_ring, chequers_ecumenical_altar_simple,
          kennysheep_generic_room_16, uniq_natasha
D:3:      layout_basic, uniq_grinder

Skill      XL: |  1  2  3  4 |
---------------+-------------+-----
Fighting       | 4 |  4.3
Armour         | 4 |  4.3
Shields        | 4 |  4.2
Maces & Flails | 3 |  3.1

Action                     |  1- 3 |  4- 6 || total
---------------------------+-------+-------++-------
  Melee: Flail             |    90 |    92 ||   182
 Armour: Scale mail        |    79 |    54 ||   133
  Dodge: Dodged            |    53 |    40 ||    93
  Block: Buckler           |    30 |    19 ||    49

Table legend: (Time is in decaauts)
 A = Elapsed time spent in this place.
 B = Non-inter-level travel time spent in this place.
 C = Inter-level travel time spent in this place.
 D = Time resting spent in this place.
 E = Time spent auto-exploring this place.
 F = Levels seen in this place.
 G = Mean time per level.
                   A        B        C        D        E       F      G
               +--------+--------+--------+--------+--------+-----+--------+
         Total |   2067 |   1975 |     92 |    151 |   1410 |   3 |  689.0 |
       Dungeon |   2067 |   1975 |     92 |    151 |   1410 |   3 |  689.0 |
               +--------+--------+--------+--------+--------+-----+--------+

Top non-repeatable levels by time:
     D:1: 974 daAuts
     D:2: 905 daAuts
     D:3: 187 daAuts
